 Dungeon Crawl Stone Soup version 0.13-a0-2236-g7be3fc8 (webtiles) character file.

623 JacquesDerrida the Spear-Bearer (level 6, -12/67 HPs)
             Began as a Merfolk Skald on July 4, 2013.
             Was an Initiate of Okawaru.
             Shot with an arrow of dispersal by a centaur (15 damage)
             ... on Level 6 of the Dungeon.
             The game lasted 00:16:06 (4990 turns).

JacquesDerrida the Spear-Bearer (Merfolk Skald)     Turns: 4990, Time: 00:16:06

HP -12/67        AC  4     Str 19      XL: 6   Next: 82%
MP  10/10        EV 11     Int 12      God: Okawaru [......]
Gold 228         SH  0     Dex 13      Spells:  4 memorised,  1 level left

Res.Fire  : . . .   See Invis. : .   k - +0 halberd
Res.Cold  : + . .   Warding    : .   b - +0 leather armour
Life Prot.: + . .   Conserve   : .   (no shield)
Res.Poison: .       Res.Corr.  : .   i - +0 wizard hat
Res.Elec. : .       Clarity    : .   (no cloak)
Sust.Abil.: . .     Spirit.Shd : .   h - +0 pair of gauntlets
Res.Mut.  : .       Stasis     : .   (no boots)
Res.Rott. : .       Flight     : .   (no amulet)
Saprovore : . . .                    u - ring of protection from cold {unknown}
                                     y - ring of life protection {unknown}

@: berserking, mildly poisoned, very quick, slightly resistant to hostile
enchantments, extremely unstealthy
A: change form in water, swift swim
a: Renounce Religion


You were on level 6 of the Dungeon.
You worshipped Okawaru.
Okawaru was pleased with you.
You were not hungry.

You visited 2 branches of the dungeon, and saw 7 of its levels.

You collected 208 gold pieces.

Inventory:

Hand weapons
 a - a +0,-1 spear {=f}
 k - a +0,+0 halberd (weapon)
 v - a +0,+0 elven spear (quivered)
Missiles
 r - 10 poisoned needles
Armour
 b - a +0 leather armour (worn)
 h - a +0 pair of gauntlets (worn)
 i - a +0 wizard hat (worn)
Magical devices
 s - a wand of teleportation (4) {unknown}
Comestibles
 d - 3 bread rations
 f - a meat ration
 n - a rambutan
 p - a pear
 w - a rotting chunk of orc flesh
Scrolls
 g - 6 scrolls of magic mapping {unknown}
 m - 3 scrolls of remove curse {unknown}
 o - 3 scrolls of curse jewellery {unknown}
 q - 5 scrolls of identify {unknown}
 x - a scroll of noise {unknown}
Jewellery
 u - a ring of protection from cold (right hand) {unknown}
 y - a ring of life protection (left hand) {unknown}
 z - a +2 ring of dexterity {unknown}
Potions
 e - 5 potions of curing
 j - a potion of magic
 t - a potion of poison
Books
 c - a book of Battle

   Spells                             Type                      Level
   *Infusion                          Charms                       1
   *Shroud of Golubria                Charms/Translocation         2
   *Song of Slaying                   Charms                       2
   Spectral Weapon                    Hexes/Charms                 3
   *Regeneration                      Charms/Necromancy            3
   Song of Shielding                  Charms                       5


   Skills:
 - Level 2.1 Fighting
 + Level 10.4 Polearms
 - Level 0.6 Armour
 - Level 1.3 Dodging
 - Level 2.0 Spellcasting
 - Level 3.2 Charms


You had one spell level left.
You knew the following spells:

 Your Spells              Type           Power        Failure   Level  Hunger
a - Infusion              Chrm           #.....       10%         1    ##.....
b - Shroud of Golubria    Chrm/Tloc      #.........   21%         2    ###....
c - Song of Slaying       Chrm           #.........   12%         2    ###....
d - Regeneration          Chrm/Necr      #.........   43%         3    ####...


Dungeon Overview and Level Annotations

Branches:
Dungeon (6/27)             Temple (1/1) D:4
    Orc: D:6-11

Altars:
Ashenzari
Cheibriados
Elyvilon
Fedhas
Kikubaaqudgha
Makhleb
Nemelex Xobeh
Okawaru
Sif Muna
Trog
Vehumet
Xom
Yredelemnul
Zin

Shops:
D:6: =

Annotations
D:3 Sigmund


Message History

Okay, then.
Drink which item? (? for menu, Esc to quit)
That liquid tasted very nasty...
You are poisoned.
It was a potion of poison.
* * * LOW HITPOINT WARNING * * *
You feel sick.
The centaur shoots an arrow of dispersal.
The arrow of dispersal misses you.
The wight picks up a dagger.
Drink which item? (? for menu, Esc to quit)
A red film seems to cover your vision as you go berserk!
You feel yourself moving faster!
You feel mighty!
It was a potion of berserk rage.
* * * LOW HITPOINT WARNING * * *
You feel sick.
You feel a little better.
The centaur shoots an arrow of dispersal.
The arrow of dispersal misses you.
The centaur shoots an arrow of dispersal.
The arrow of dispersal hits you!
You blink.
You die...

#..# #..# #..# #.
######..#####.
#...###.$........... #
.........z............
#########.####.######.# #
......c....[........##.#.#.
..####<...∩.@.............
+...?...z.O.........#
####.##§###..###.##.# ##
### #..# #.# #..# #O# #..#
#.# #..# #.# ####..###.##.#
#..#....z....#


You could see an ogre, a centaur and a wight.

Vanquished Creatures
  An orc priest (D:5)
  A hound (D:3)
  2 iguanas (D:4)
  A scorpion (D:4)
  3 worker ants
  Ijyb (D:2)
  7 adders
  6 gnolls
  A bat skeleton (D:5)
  4 giant geckos
  2 oozes
  7 orcs
  8 giant cockroaches
  10 goblins
  8 hobgoblins
  A jackal (D:3)
  3 quokkas
  2 ball pythons (D:5)
  7 bats
  A giant gecko zombie (D:5)
  3 giant newts (D:2)
  8 kobolds
  A kobold skeleton (D:4)
  An orc skeleton (D:4)
  7 rats
96 creatures vanquished.

Vanquished Creatures (others)
  An orc (D:3)
  A kobold (D:3)
2 creatures vanquished.

Grand Total: 98 creatures vanquished

Notes
Turn   | Place    | Note
--------------------------------------------------------------
     0 | D:1      | JacquesDerrida, the Merfolk Skald, began the quest for the Orb.
     0 | D:1      | Reached XP level 1. HP: 16/16 MP: 2/2
   384 | D:1      | Reached skill level 4 in Polearms
   384 | D:1      | Reached XP level 2. HP: 22/22 MP: 4/4
   996 | D:1      | Reached XP level 3. HP: 24/27 MP: 5/5
  1082 | D:1      | Reached skill level 5 in Polearms
  1338 | D:2      | Noticed Ijyb
  1357 | D:2      | Killed Ijyb
  1514 | D:2      | Reached skill level 6 in Polearms
  1514 | D:2      | Reached XP level 4. HP: 21/34 MP: 7/7
  1720 | D:2      | Learned a level 2 spell: Shroud of Golubria
  1723 | D:2      | Learned a level 2 spell: Song of Slaying
  2127 | D:3      | Reached skill level 7 in Polearms
  2444 | D:4      | Reached XP level 5. HP: 26/39 MP: 0/8
  2557 | D:4      | Found a staircase to the Ecumenical Temple.
  2583 | Temple   | Entered the Ecumenical Temple
  2674 | Temple   | Became a worshipper of Warmaster Okawaru
  3187 | D:2      | Reached skill level 8 in Polearms
  3666 | D:3      | Noticed Sigmund
  3951 | D:3      | Reached XP level 6. HP: 31/45 MP: 6/10
  4073 | D:5      | Entered Level 5 of the Dungeon
  4099 | D:4      | Reached skill level 9 in Polearms
  4335 | D:4      | Learned a level 3 spell: Regeneration
  4704 | D:5      | Found a sparkling altar of Nemelex Xobeh.
  4720 | D:5      | Reached skill level 10 in Polearms
  4932 | D:6      | Reached XP level 7. HP: 45/50 MP: 11/11
  4949 | D:6      | Found Neaqoc's Jewellery Boutique.
  4964 | D:6      | Reached XP level 6. HP: 34/45 MP: 8/10
  4990 | D:6      | HP: 3/67 [poison (a potion of poison)]
  4990 | D:6      | Shot with an arrow of dispersal by a centaur

Action                   |  1- 3 |  4- 6 |  7- 9 || total
-------------------------+-------+-------+-------++-------
Melee: Spear             |   176 |   158 |       ||   334
       Halberd           |       |   139 |     8 ||   147
 Cast: Infusion          |       |    11 |     1 ||    12
Evoke: Wand              |       |     1 |       ||     1
  Use: Potion            |       |     5 |       ||     5
       Scroll            |       |     4 |       ||     4
